 Dungeon Crawl Stone Soup version 0.31-a0-968-g24f9ace8b5 (webtiles) character file.

Game seed: 10661329038976379173

2320 Strat the Slasher (level 9, -4/65 (74) HPs)
             Began as a Red Draconian Reaver on Oct 27, 2023.
             Was an Initiate of Gozag.
             Slain by Maggie
             ... wielding the +9 lance "Wyrmbane" {slay drac, rPois rF+ rC+ AC+3}
              (5 damage)
             ... on level 7 of the Dungeon.
             The game lasted 00:18:05 (7771 turns).

Strat the Slasher (Red Draconian Reaver)            Turns: 7771, Time: 00:18:07

HP:   -4/65 (74)    AC: 13    Str: 15    XL:     9   Next: 18%
MP:   4/12          EV: 13    Int: 15    God:    Gozag
Gold: 688           SH:  0    Dex: 12    Spells: 3/13 levels left

rFire   + . .        r - +0 great sword
rCold   . . .        (shield currently unavailable)
rNeg    . . .        (body armour unavailable)
rPois   .            (helmet restricted)
rElec   .            s - scarf {repulsion}
rCorr   .            j - +2 pair of gloves
SInv    .            i - +2 pair of boots
Will    .....        (no amulet)
Stlth   +            (no ring)
HPRegen 0.30/turn    (no ring)
MPRegen 0.13/turn

%: repel missiles
@: about to teleport, immotile, mesmerised, very slightly contaminated, heavily
drained
A: breathe fire, AC +7, unfitting armour, fire resistance 1, cold-blooded
a: Breathe Fire, Renounce Religion, Potion Petition, Call Merchant, Bribe Branch


You were on level 7 of the Dungeon.
You worshipped Gozag.
Gozag was pleased with you.
You visited 1 branch of the dungeon, and saw 7 of its levels.

You collected 728 gold pieces.
You paid 40 gold pieces to Gozag.

Inventory:

Hand Weapons
 a - a +0 falchion
 r - a +0 great sword (weapon)
Armour
 i - a +2 pair of boots (worn)
 j - a +2 pair of gloves (worn)
 s - a scarf of repulsion (worn)
Wands
 k - a wand of flame (12)
Scrolls
 e - a scroll of poison {unknown}
 g - a scroll of noise
 o - a scroll of revelation
Potions
 b - a potion of haste {unknown}
 c - 2 potions of lignification
 f - a potion of magic
 l - a potion of curing
 m - a potion of invisibility {unknown}
 p - a potion of attraction {unknown}
 u - a potion of cancellation {unknown}
 v - a potion of enlightenment {unknown}
 w - a potion of degeneration {unknown}


   Skills:
 + Level 5.4 Fighting
 - Level 7.2 Long Blades
 + Level 5.4 Dodging
 + Level 2.6 Spellcasting
 - Level 5.5 Conjurations
 - Level 3.0 Hexes
 + Level 3.5 Summonings


You had 3 spell levels left.
You knew the following spells:

 Your Spells              Type           Power      Damage    Failure   Level
a - Kiss of Death         Conj/Necr      40%        2d8       7%          1
b - Momentum Strike       Conj/Tloc      20%        3d8       10%         2
c - Flame Wave            Conj/Fire      10%        2d6       54%         4
d - Summon Guardian Gole  Hex/Summ       11%        N/A       16%         3

Your spell library contained the following spells:

 Spells                   Type           Power      Damage    Failure   Level
 Summon Small Mammal      Summ           48%        N/A       4%          1
 Slow                     Hex            40%        N/A       6%          1
 Call Canine Familiar     Summ           12%        N/A       14%         3
 Confusing Touch          Hex            10%        N/A       19%         3
 Sigil of Binding         Hex            10%        N/A       19%         3
 Hailstorm                Conj/Ice       10%        3d5       21%         3
 Inner Flame              Hex/Fire       6%         N/A       34%         3
 Vampiric Draining        Necr           1%         2d6       54%         3
 Sticky Flame             Conj/Fire      10%        2d3       54%         4


Dungeon Overview and Level Annotations

Branches:
Dungeon (7/15)             Temple (0/1) D:4

Altars:
Fedhas
Gozag
Hepliaklqana
Kikubaaqudgha
Okawaru
Ru
Trog
Wu Jian
Zin

Annotations:
D:4 1 runed translucent door, PowderKeg's ghost, amateur MfSh
D:7 Maggie


Innate Abilities, Weirdness & Mutations

You can breathe blasts of fire.
Your fiery red scales are hard. (AC +7)
You cannot fit into any form of body armour.
Your flesh is heat resistant. (rF+)
You are cold-blooded and may be slowed by cold attacks.


Message History

Aiming: Momentum Strike (safe; 10% risk of failure)
Press: ? - help, Dir - move target, f/p - Maggie
Aim: Maggie, wielding the +9 lance "Wyrmbane" {slay drac, rPois rF+ rC+ AC+3} and wearing +2 steam dragon scales (mesmerising, ally target, 68% to hit)
You miscast Momentum Strike.
Nothing appears to happen.
Maggie barely misses you.
Unknown command.
Casting: Momentum Strike (safe; 10% risk of failure)
Confirm with . or Enter, or press ? or * to list all spells.
Aiming: Momentum Strike (safe; 10% risk of failure)
Press: ? - help, Dir - move target, f/p - Maggie
Aim: Maggie, wielding the +9 lance "Wyrmbane" {slay drac, rPois rF+ rC+ AC+3} and wearing +2 steam dragon scales (mesmerising, ally target, 68% to hit)
The concentrated momentum hits Maggie!
Maggie is lightly wounded.
You are unable to move.
Maggie barely misses you.
You feel better.
Maggie points at you and mumbles some strange words.
The bolt of fire hits you. You resist.
* * * LOW HITPOINT WARNING * * *
Casting: Momentum Strike (safe; 10% risk of failure)
Confirm with . or Enter, or press ? or * to list all spells.
You don't know that spell.
You cannot move.
Unknown command.
You cannot move.
You cannot move.
You cannot move.
Maggie hits you from afar with the +9 lance "Wyrmbane" {slay drac, rPois rF+ rC+ AC+3}!!
* * * LOW HITPOINT WARNING * * *
You convulse.
* * * LOW HITPOINT WARNING * * *
Maggie closely misses you.
Unknown command.
You cannot move.
As you read the scroll of teleportation, it crumbles to dust.
You feel strangely unstable.
Maggie hits you from afar with the +9 lance "Wyrmbane" {slay drac, rPois rF+ rC+ AC+3}.
* * * LOW HITPOINT WARNING * * *
You convulse.
You die...
Your body crumbles into a pile of gold.

....!# #.# #..
.###.# #
#...#.#.#
#.#...#..#
#.......##
#.."..#9#
#......@#
##...##.# ###
#.## #@###...#
#.####.......#
#.......##...#
#.#####.###.##
....##...##.#
#........##.####
.##.##.........#
# ###.##....##
#........#


You could see Maggie (mesmerising, ally target) and a friendly guardian golem
(summoned).

Vanquished Creatures
  A steam dragon (D:7)
  2 water moccasins (D:6)
  Duvessa (D:7)
  A black bear (D:5)
  2 ice beasts
  A sky beast (D:6)
  A centaur (D:6)
  A phantom (D:4)
  2 bullfrogs
  3 scorpions
  3 wights
  A howler monkey (D:6)
  An orc priest (D:6)
  A hound (D:6)
  4 jellies
  3 iguanas
  10 orc wizards
  Terence (D:2)
  3 adders
  5 gnolls
  2 worms
  3 dart slugs (D:3)
  21 orcs
  5 ball pythons
  6 bats
  7 endoplasms
  5 giant cockroaches (D:3)
  7 hobgoblins
  6 jackals
  5 quokkas
  7 frilled lizards
  4 goblins
  8 kobolds
  5 rats
138 creatures vanquished.

Vanquished Creatures (others)
  A centaur (D:6)
  A scorpion (D:6)
  An orc priest (D:6)
  An orc (D:6)
4 creatures vanquished.

Grand Total: 142 creatures vanquished

Notes
Turn   | Place    | Note
-------+----------+-------------------------------------------
     0 | D:1      | Strat the Draconian Reaver began the quest for the Orb.
     0 | D:1      | Reached XP level 1. HP: 17/17 MP: 3/3
   284 | D:1      | Found a faded altar of an unknown god.
   370 | D:1      | Reached XP level 2. HP: 21/24 MP: 5/5
   414 | D:1      | Learned a level 2 spell: Momentum Strike
   818 | D:1      | Reached skill level 4 in Long Blades
   818 | D:1      | Reached XP level 3. HP: 24/29 MP: 6/6
  1271 | D:2      | Learned a level 3 spell: Hailstorm
  1395 | D:2      | Noticed Terence
  1612 | D:2      | Killed Terence
  1613 | D:2      | Reached XP level 4. HP: 30/36 MP: 0/7
  2157 | D:3      | Reached skill level 5 in Long Blades
  2724 | D:3      | Reached XP level 5. HP: 41/41 MP: 8/8
  3307 | D:3      | Found a sacrificial altar of Ru.
  3317 | D:3      | Found a glowing silver altar of Zin.
  3324 | D:3      | Found an opulent altar of Gozag.
  3330 | D:3      | Found a hazy altar of Hepliaklqana.
  3341 | D:3      | Found an ancient bone altar of Kikubaaqudgha.
  3348 | D:3      | Found an ornate altar of the Wu Jian Council.
  3354 | D:3      | Found a bloodstained altar of Trog.
  3469 | D:3      | Became a worshipper of Gozag Ym Sagoz the Greedy
  3636 | D:4      | Reached skill level 5 in Conjurations
  3771 | D:4      | Reached XP level 6. HP: 44/50 MP: 9/9
  4053 | D:4      | Found a staircase to the Ecumenical Temple.
  4179 | D:4      | Found a runed translucent door.
  4187 | D:4      | Noticed PowderKeg's ghost (amateur MfSh)
  4364 | D:4      | Learned a level 3 spell: Summon Guardian Golem
  4386 | D:5      | Entered Level 5 of the Dungeon
  4421 | D:5      | Your scales start taking on a fiery red colour.
  4421 | D:5      | Reached XP level 7. HP: 57/57 MP: 10/10
  4421 | D:5      | Gained mutation: Your flesh is heat resistant. (rF+) [Red
                  | Draconian growth]
  4613 | D:5      | Found an iron altar of Okawaru.
  4667 | D:5      | Reached skill level 1 in Hexes
  4667 | D:5      | Reached skill level 1 in Summonings
  5128 | D:5      | Reached skill level 6 in Long Blades
  5421 | D:5      | Found a blossoming altar of Fedhas.
  5663 | D:6      | Reached XP level 8. HP: 65/66 MP: 11/11
  6174 | D:6      | Reached skill level 5 in Fighting
  6598 | D:6      | Reached skill level 7 in Long Blades
  6601 | D:6      | Reached skill level 5 in Dodging
  6838 | D:6      | Learned a level 4 spell: Flame Wave
  7407 | D:7      | Noticed Maggie
  7453 | D:7      | Reached XP level 9. HP: 72/74 MP: 10/12
  7454 | D:7      | Noticed Duvessa
  7669 | D:7      | Killed Duvessa
  7771 | D:7      | HP: 1/65 [Maggie/the +9 lance "Wyrmbane" {slay drac, rPois
                  | rF+ rC+ AC+3} (4)]
  7771 | D:7      | Slain by Maggie

Illustrated notes

Levels and vault maps discovered:
D:1:      heliophobic_arrival_ceremonial_halls, layout_basic,
          shapermc_ecumenical_altar_acropolis, minmay_tetromino_s2
D:2:      layout_loops_ring, uniq_terence
D:3:      minmay_razor_zed, layout_basic, grunt_temple_overflow_octagram
D:4:      layout_loops_ring, minmay_temple_entry_stoned_glass,
          ebering_ghost_reflecting_pool
D:5:      layout_loops_ring, kennysheep_mini, mainiacjoe_overflow_alcove_4
D:6:      layout_layer_cave, minmay_liquid_box, minmay_checkerbox
D:7:      layout_loops_cross, mainiacjoe_overflow_paths, nicolae_tricolors,
          uniq_maggie, uniq_duvessa

Skill      XL: |  1  2  3  4  5  6  7  8 |
---------------+-------------------------+-----
Long Blades    | 4 5 6 7 |  7.2
Conjurations   | 4 5 |  5.5
Dodging        | 2 3 5 |  5.4
Fighting       | 3 4 5 |  5.4
Hexes          | 2 3 |  3.0
Summonings     | 2 3 |  3.5
Spellcasting   | |  2.6

Action                     |  1- 3 |  4- 6 |  7- 9 || total
---------------------------+-------+-------+-------++-------
  Melee: Falchion          |   138 |   170 |       ||   308
         Tailslap          |    14 |    25 |    27 ||    66
         Punch             |       |     1 |       ||     1
         Great sword       |       |    78 |   177 ||   255
   Cast: Momentum Strike   |     2 |     4 |    11 ||    17
         Summon Guardian G |       |       |     2 ||     2
         Kiss of Death     |       |       |     2 ||     2
         Hailstorm         |       |       |     1 ||     1
Ability: Breathe Fire      |       |       |     1 ||     1
  Evoke: Wand              |       |       |     3 ||     3
    Use: Scroll            |       |       |    15 ||    15
         Potion            |       |       |     3 ||     3
   Stab: Sleeping          |     1 |     2 |       ||     3
 Armour: Skin              |    69 |   169 |   178 ||   416
  Dodge: Dodged            |    95 |   119 |   174 ||   388
         Repelled          |       |     2 |       ||     2

Table legend: (Time is in decaauts)
 A = Elapsed time spent in this place.
 B = Non-inter-level travel time spent in this place.
 C = Inter-level travel time spent in this place.
 D = Time resting spent in this place.
 E = Time spent auto-exploring this place.
 F = Levels seen in this place.
 G = Mean time per level.
                   A        B        C        D        E       F      G
               +--------+--------+--------+--------+--------+-----+--------+
         Total |   7910 |   7671 |    239 |    821 |   4877 |   7 | 1130.0 |
       Dungeon |   7910 |   7671 |    239 |    821 |   4877 |   7 | 1130.0 |
               +--------+--------+--------+--------+--------+-----+--------+

Top non-repeatable levels by time:
     D:6: 1999 daAuts
     D:3: 1742 daAuts
     D:5: 1183 daAuts
     D:1: 1016 daAuts
     D:4: 912 daAuts
     D:2: 780 daAuts
     D:7: 275 daAuts
